 Dungeon Crawl Stone Soup version 0.30.1-11-g7821555f0a (webtiles) character file.

Game seed: 11848279186941022047

51 Okkudo the Chopper (level 3, -6/31 HPs)
             Began as a Hill Orc Monk on Dec 8, 2023.
             Mangled by Sigmund
             ... wielding a +0 scythe
              (9 damage)
             ... on level 2 of the Dungeon.
             The game lasted 00:03:14 (1379 turns).

Okkudo the Chopper (Hill Orc Monk)                  Turns: 1379, Time: 00:03:14

Health: -6/31      AC: 10    Str: 19    XL:     3   Next: 83%
Magic:  3/3        EV:  6    Int:  9    God:
Gold:   142        SH:  0    Dex: 12    Spells: 2/2 levels left

rFire   + . .        a - +0 hand axe
rCold   + . .        d - orb {light}
rNeg    . . .        h - +0 plate armour
rPois   +            (no helmet)
rElec   +            (no cloak)
rCorr   +            (no gloves)
SInv    .            (no boots)
Will    +....        (no amulet) Stlth
                     (no ring)
HPRegen 0.25/turn    (no ring)
MPRegen 0.08/turn

%: no passive effects
@: brilliant, resistant, glowing
A: strong-willed 1, strong 1, teleportitis 1
a: no special abilities


You were on level 2 of the Dungeon.
You visited 1 branch of the dungeon, and saw 2 of its levels.

You collected 142 gold pieces.

Inventory:

Hand Weapons
 a - a +0 hand axe (weapon)
 f - a +4 spear
Armour
 d - an orb of light (worn)
 h - a +0 plate armour (worn)
Scrolls
 b - a scroll of immolation {unknown}
 e - a scroll of identify {unknown}
 g - a scroll of fog {unknown}
 l - a scroll of teleportation {unknown}
 m - a scroll of noise {unknown}
 n - a scroll of enchant armour {unknown}
 o - a scroll of amnesia {unknown}


   Skills:
 - Level 3.6 Fighting
 * Level 6.2 Axes
 - Level 2.4 Dodging


You had 2 spell levels left.
You didn't know any spells.
Your spell library contained the following spells:

 Spells                   Type           Power      Damage    Failure   Level
 Slow                     Hex            0%         N/A       100%        1
 Confusing Touch          Hex            0%         N/A       100%        3
 Summon Guardian Golem    Hex/Summ       0%         N/A       100%        3
 Vampiric Draining        Necr           0%         2d6       100%        3
 Orb of Destruction       Conj           0%         9d5       100%        7
 Spellforged Servitor     Conj/Summ      0%         N/A       100%        7


Dungeon Overview and Level Annotations

Branches:
Dungeon (2/15)

Altars:

Annotations:
D:2 Sigmund


Innate Abilities, Weirdness & Mutations

You are strong-willed. (Will+)
Your muscles are strong. (Str +4, Int/Dex -1)
You are occasionally teleported next to monsters.


Message History

Sigmund hits you with a +0 scythe!
You barely miss Sigmund.
Sigmund is severely wounded.
You feel less invigorated. Sigmund hits you but does no damage.
You bump into the rock wall.
You bump into the rock wall.
Sigmund hits you with a +0 scythe.
You hit Sigmund.
Sigmund is severely wounded.
Sigmund points at you and mumbles some strange words.
The magic dart hits you.
You completely miss Sigmund.
Sigmund is severely wounded.
Sigmund gestures wildly while chanting.
Sigmund flickers and vanishes for a moment.
Sigmund hits you but does no damage.
You bump into the rock wall.
You bump into the rock wall.
Sigmund screams, "I am the angel of ZOT!!!"
Sigmund gestures at you while chanting. You resist with significant effort.
You bump into the rock wall.
Sigmund hits you from afar with a +0 scythe.
You feel less confused. Sigmund hits you with a +0 scythe!
* * * LOW HITPOINT WARNING * * *
Sorry, you're not good enough to have a special ability.
It was a potion of resistance.
You feel protected.
It was a potion of brilliance.
You feel clever all of a sudden.
Sigmund zaps a wand.
The puff of flame hits you but does no damage.
You resist.
It was a potion of mutation.
You feel extremely strange.
You feel stronger.
You feel strong-willed.
You feel weirdly uncertain. Sigmund barely misses you.
You hit Sigmund but do no damage.
Sigmund is severely wounded.
Sigmund hits you with a +0 scythe!
You die...

#.#...###.##.###.#.#
##.###.###
#.............##.#.#
#..#...#
#.#...###.##>......#
#.#.##.##
#.........##..##.#.#
#.#......
####..######..##.#.#
#.#.##.## #..# #.......#
#.#.##.# #..# ##.##.###
#.#.##.# .... ...##.#
#.#.##.# ... ######@#
#.#.##.# ##.#@# #......#
#....# ######...###
.........................
.........##########...###
#.####.#.# #..## # #.$..
#.## .....# ###.# #...<.#
#...#


You could see Sigmund (invisible).

Vanquished Creatures
  An adder (D:2)
  A ball python (D:1)
  4 endoplasms
  3 giant cockroaches (D:1)
  5 goblins
  6 hobgoblins
  5 kobolds
  3 quokkas
  2 bats (D:1)
  4 frilled lizards (D:1)
  3 rats
37 creatures vanquished.

Notes
Turn   | Place    | Note
-------+----------+-------------------------------------------
     0 | D:1      | Okkudo the Hill Orc Monk began the quest for the Orb.
     0 | D:1      | Reached XP level 1. HP: 19/19 MP: 1/1
    10 | D:1      | Found a faded altar of an unknown god.
   101 | D:1      | Reached XP level 2. HP: 23/26 MP: 2/2
   267 | D:1      | Reached skill level 5 in Axes
   585 | D:1      | Reached XP level 3. HP: 30/31 MP: 3/3
   891 | D:2      | Reached skill level 6 in Axes
  1342 | D:2      | Noticed Sigmund
  1378 | D:2      | Gained mutation: Your muscles are strong. (Str +4, Int/Dex
                  | -1) [potion of mutation]
  1378 | D:2      | Gained mutation: You are strong-willed. (Will+) [potion of
                  | mutation]
  1378 | D:2      | Gained mutation: You are occasionally teleported next to
                  | monsters. [potion of mutation]
  1379 | D:2      | Mangled by Sigmund

Illustrated notes

Levels and vault maps discovered:
D:1:      reono_arrival_forest_river, layout_loops_ring,
          shapermc_ecumenical_altar_gd, minmay_distorted
D:2:      layout_loops_corners, minmay_tromino_v2, uniq_sigmund

Skill      XL: |  1  2  3 |
---------------+----------+-----
Axes           | 5 6 |  6.2
Fighting       | |  3.6
Dodging        | |  2.4

Action                     || total
---------------------------++-------
  Melee: Hand axe          ||    40
         Spear             ||    56
    Use: Potion            ||     4
 Armour: Robe              ||     2
         Plate armour      ||    27
         Leather armour    ||     3
  Dodge: Dodged            ||    33
